 Dungeon Crawl Stone Soup version 0.24-a0-447-ge8da9206dc (webtiles) character file.

Game seed: 6365112129795830628

33 theanonym the Vexing (level 3, -4/24 HPs)
             Began as a Mummy Enchanter on June 25, 2019.
             Slain by an orc
             ... wielding a +0 war axe
              (10 damage)
             ... on level 3 of the Dungeon.
             The game lasted 00:02:23 (1798 turns).

theanonym the Vexing (Mummy Enchanter)              Turns: 1798, Time: 00:02:24

Health: -4/24      AC:  2    Str: 12    XL:     3   Next: 12%
Magic:  7/7        EV: 12    Int: 14    God:
Gold:   54         SH:  0    Dex: 12    Spells: 6/7 levels left

rFire    x . .     SeeInvis .   a - +1 dagger
rCold    + . .     Gourm    .   (no shield)
rNeg     + + +     Faith    .   b - +0 robe
rPois    ∞         Spirit   .   (no helmet)
rElec    .         Reflect  .   (no cloak)
rCorr    .         Harm     .   (no gloves)
MR       +....                  (no boots)
Stlth    ++........             (no amulet)
HPRegen  0.08/turn              e - ring of protection from magic
MPRegen  0.10/turn              (no ring)

@: no status effects
A: no food or potions, fire vulnerability, cold resistance 1, negative energy
resistance 3, torment resistance, unbreathing
a: no special abilities


Innate Abilities, Weirdness & Mutations

You do not eat or drink.
Your flesh is vulnerable to fire.
You are immune to poison.
Your flesh is cold resistant. (rC+)
You are immune to negative energy. (rN+++)
You are immune to unholy pain and torment.
You can survive without breathing.


   Skills:
 + Level 2.5 Short Blades
 - Level 1.5 Dodging
 - Level 2.4 Stealth
 - Level 2.6 Spellcasting
 - Level 2.6 Hexes


You had 6 spell levels left.
You knew the following spells:

 Your Spells              Type           Power        Failure   Level  Hunger
a - Corona                Hex            #......      8%          1    N/A

Your spell library contained the following spells:

 Spells                   Type           Power        Failure   Level  Hunger
 Ensorcelled Hibernation  Hex/Ice        #.....       19%         2    N/A
 Confuse                  Hex            #.......     22%         3    N/A
 Tukima's Dance           Hex            #.......     22%         3    N/A
 Dazzling Spray           Conj/Hex       #.....       36%         3    N/A

Skill      XL: |  1  2 |
---------------+-------+-----
Short Blades   | 1 2 |  2.5
Dodging        | |  1.5
Stealth        | |  2.4
Spellcasting   | |  2.6
Hexes          | |  2.6

Action                   || total
-------------------------++-------
Melee: Dagger            ||    67
       Short sword       ||    17
  Use: Scroll            ||     2
 Stab: Sleeping          ||     5
Armor: Robe              ||    21
Dodge: Dodged            ||    51

Inventory:

Hand Weapons
 a - a +1 dagger (weapon)
Armour
 b - a +0 robe (worn)
Jewellery
 e - a ring of protection from magic (left hand)
Scrolls
 c - a scroll of immolation {unknown}
 d - 2 scrolls of identify {unknown}
 f - 3 scrolls of fog
 g - a scroll of random uselessness {unknown}


You were on level 3 of the Dungeon.
You were not hungry.

You visited 1 branch of the dungeon, and saw 3 of its levels.

You collected 54 gold pieces.

Dungeon Overview and Level Annotations

Branches:
Dungeon (3/15)

Altars:
Ru
Vehumet

Annotations:
D:2 Natasha

### #.#########
#.........#
#.#######.# #.#
#†# ########.#
#.# ....%....#
#.# .######..#
#@# ..... #..#
#o# .<....#..#
#o# .###......
#......# .+
...... +...)..#
.#
......##......#
.#
..)............#
.#
......###......#
## ####+#.#


You could see 2 orcs.

Notes
Turn   | Place    | Note
-------+----------+-------------------------------------------
     0 | D:1      | theanonym the Mummy Enchanter began the quest for the Orb.
     0 | D:1      | Reached XP level 1. HP: 13/13 MP: 4/4
     8 | D:1      | Reached skill level 1 in Short Blades
   195 | D:1      | HP: 6/13 [giant cockroach (2)]
   200 | D:1      | HP: 6/13 [giant cockroach (1)]
   386 | D:1      | Reached XP level 2. HP: 11/19 MP: 5/5
   756 | D:2      | Found a radiant altar of Vehumet.
   848 | D:2      | Reached skill level 2 in Short Blades
   852 | D:2      | Noticed Natasha
  1470 | D:2      | Found a sacrificial altar of Ru.
  1775 | D:3      | Reached XP level 3. HP: 24/24 MP: 7/7
  1793 | D:3      | HP: 10/24 [orc/+0 dagger (3)]
  1798 | D:3      | Slain by an orc

Vanquished Creatures
  An adder (D:3)
  A leopard gecko (D:2)
  2 orcs (D:3)
  4 bats
  3 giant cockroaches
  A hobgoblin (D:2)
  A kobold (D:1)
  A quokka (D:2)
  4 frilled lizards
  2 rats (D:1)
20 creatures vanquished.

Table legend:
 A = Turns spent in this place as a percentage of turns spent in the entire game.
 B = Non-inter-level travel turns spent in this place as a percentage of non-inter-level travel turns spent in the entire game.
 C = Inter-level travel turns spent in this place as a percentage of turns spent in this place.
 D = Turns resting spent in this place as a percentage of non-inter-level travel turns spent in this place.
 E = Turns spent auto-exploring this place as a percentage of non-inter-level travel turns spent in this place.
 F = Non-inter-level travel turns spent in this place divided by the number of levels of this place that you've seen.
                   A       B       C       D       E      F
               +-------+-------+-------+-------+-------+----------------------
         Total | 100.0 | 100.0 |   3.6 |  34.5 |  54.5 | 578.0
       Dungeon | 100.0 | 100.0 |   3.6 |  34.5 |  54.5 | 578.0
               +-------+-------+-------+-------+-------+----------------------
